 Dungeon Crawl Stone Soup version 0.19-a0-1803-g97ff39f (webtiles) character file.

3684 Naow the Severer (level 9, -11/111 HPs)
             Began as a Minotaur Berserker on Oct 5, 2016.
             Was an Elder of Trog.
             Mangled by Gastronok (18 damage)
             ... on level 8 of the Dungeon.
             The game lasted 00:10:50 (6415 turns).

Naow the Severer (Minotaur Berserker)               Turns: 6415, Time: 00:10:51

Health: -11/111    AC: 12    Str: 26    XL:     9   Next: 90%
Magic:  8/8        EV: 12    Int:  7    God:    Trog [****..]
Gold:   434        SH:  0    Dex: 11    Spells: 0 memorised, 8 levels left

rFire  . . .     SeeInvis .     a - +0 hand axe
rCold  . . .     Gourm    .     F - +0 plate armour
rNeg   . . .     Faith    .     (no shield)
rPois  .         Spirit   .     (helmet restricted)
rElec  .         Dismiss  .     (no cloak)
rCorr  +         Reflect  .     C - +0 pair of gloves
MR     ++...     Harm     .     (no boots)
Stlth  ..........               G - amulet of rage
                                t - ring of resist corrosion
                                B - +4 ring of evasion

@: berserking, regenerating, very quick
A: retaliatory headbutt, horns 2
a: Berserk, Trog's Hand, Brothers in Arms, Burn Spellbooks, Renounce Religion,
Evoke Berserk Rage


You were on level 8 of the Dungeon.
You worshipped Trog.
Trog was greatly pleased with you.
You were hungry.

You visited 1 branch of the dungeon, and saw 8 of its levels.

You collected 434 gold pieces.

Inventory:

Hand Weapons
 a - a +0 hand axe (weapon)
Armour
 b - a +0 animal skin
 C - a +0 pair of gloves (worn)
 F - a +0 plate armour (worn)
 K - the +1 robe of the Solstice {rPois rF+ rC+ Stlth-}
   (You found it on level 6 of the Dungeon)

   It protects you from fire.
   It protects you from cold.
   It protects you from poison.
   It makes you less stealthy.
Jewellery
 e - an uncursed ring of protection from cold
 t - a ring of resist corrosion (right hand)
 B - a +4 ring of evasion (left hand)
 G - an amulet of rage (around neck)
 L - a +5 ring of slaying {unknown}
 M - a +2 ring of strength {unknown}
Wands
 x - a wand of iceblast (6/15)
 E - a wand of slowing (10/48)
Scrolls
 d - 3 scrolls of random uselessness {unknown}
 g - 5 scrolls of amnesia {unknown}
 h - 3 scrolls of recharging {unknown}
 j - 9 scrolls of identify {unknown}
 o - a scroll of noise {unknown}
 p - a scroll of torment {unknown}
 q - 3 scrolls of enchant armour {unknown}
 r - 3 scrolls of teleportation {unknown}
 s - 3 scrolls of fog {unknown}
 v - 3 scrolls of magic mapping {unknown}
 w - 5 scrolls of remove curse {unknown}
 y - 2 scrolls of enchant weapon {unknown}
 z - 2 scrolls of immolation {unknown}
 O - a scroll of fear {unknown}
 R - a scroll of blinking {unknown}
Potions
 f - 9 potions of curing {unknown}
 i - a potion of heal wounds {unknown}
 k - a potion of magic {unknown}
 l - 2 potions of haste {unknown}
 m - a potion of might {unknown}
 u - 3 potions of degeneration {unknown}
 A - a potion of resistance {unknown}
 H - a potion of beneficial mutation {unknown}
 I - a potion of lignification {unknown}
 N - 2 potions of cure mutation {unknown}
 S - a potion of ambrosia {unknown}
Books
 D - a book of Necromancy

   Spells                             Type                      Level
   a - Pain                           Necromancy                   1
   b - Animate Skeleton               Necromancy                   1
   c - Vampiric Draining              Necromancy                   3
   d - Regeneration                   Charms/Necromancy            3
   e - Animate Dead                   Necromancy                   4
   f - Control Undead                 Necromancy                   4
   Trog disapproves of the use of such an item.
Comestibles
 c - 5 bread rations
 n - 4 meat rations
 J - 2 beef jerkies
 P - 4 fruits
 Q - 4 chunks of flesh


   Skills:
 - Level 5.0 Fighting
 + Level 15.6 Axes
 - Level 3.2 Armour
 - Level 3.1 Dodging
 - Level 0.1 Stealth


You had 8 spell levels left.
You didn't know any spells.

Dungeon Overview and Level Annotations

Branches:
Dungeon (8/15)             Temple (0/1) D:5
   Lair: D:8-11

Altars:
Cheibriados
Kikubaaqudgha
Qazlal
Ru
Trog
Zin

Shops:
D:4 **

Annotations:
D:8 Gastronok


Innate Abilities, Weirdness & Mutations

You reflexively headbutt those who attack you in melee.
You have a pair of horns on your head.


Message History

You slash Gastronok!
Gastronok is moderately wounded.
You slash Gastronok!
Gastronok is heavily wounded.
Gastronok waves his eye-stalks in wide circles.
The air twists around and strikes you!
* * * LOW HITPOINT WARNING * * *
You hit Gastronok but do no damage. You headbutt Gastronok!
Gastronok is heavily wounded.
You slash Gastronok! You headbutt Gastronok!
Gastronok is severely wounded.
You hit Gastronok but do no damage. You headbutt Gastronok!
Gastronok is severely wounded.
You slash Gastronok!
Gastronok is almost dead.
You are feeling hungry.
You slice Gastronok!! You headbutt Gastronok.
Gastronok is almost dead.
Gastronok bites you!!
You die...

#.# #.# ###### #.#
#....# #.# #....# ##'#
#....# #... . #....#
#... ....####....# #...
......w@....# #...
....####....# #... .
#)รท..# #... #))..#
#... #)#### #... #)#
##'# #.# #######.#
######.#######.......#
#.............#.#######


You could see Gastronok.

Vanquished Creatures
  Psyche (D:8)
  A hippogriff (D:8)
  Sigmund (D:2)
  The ghost of Naow the Chopper, an amateur MiBe of Trog (D:3)
  3 ice beasts
  3 orc warriors
  An eye of draining (D:5)
  A centaur (D:5)
  3 ogres
  7 bullfrogs
  A gnoll sergeant (D:8)
  A scorpion (D:4)
  3 howler monkeys
  5 crimson imps
  2 jellies
  A quasit (D:8)
  3 hounds
  4 orc priests
  A bullfrog skeleton (D:6)
  A centaur skeleton (D:4)
  6 orc wizards
  4 iguanas
  6 worker ants
  A killer bee zombie (D:6)
  A hound skeleton (D:7)
  A howler monkey zombie (D:7)
  2 worker ant zombies
  5 adders
  5 gnolls
  3 shadow imps
  An ooze (D:6)
  2 adder zombies
  2 worms
  8 leopard geckos
  28 orcs
  8 bats
  A giant cockroach (D:4)
  5 goblins
  3 hobgoblins
  8 jackals (D:3)
  3 quokkas
  A ball python (D:7)
  4 frilled lizards
  6 kobolds
  6 rats
164 creatures vanquished.

Notes
Turn   | Place    | Note
-------+----------+-------------------------------------------
     0 | D:1      | Naow the Minotaur Berserker began the quest for the Orb.
     0 | D:1      | Reached XP level 1. HP: 19/19 MP: 0/0
   242 | D:2      | Reached XP level 2. HP: 8/27 MP: 1/1
   258 | D:2      | HP: 1/27 [poisoned by an adder]
   809 | D:2      | Reached skill level 4 in Axes
  1037 | D:2      | Noticed Sigmund
  1045 | D:2      | Killed Sigmund
  1045 | D:2      | Reached skill level 5 in Fighting
  1045 | D:2      | Reached skill level 5 in Axes
  1045 | D:2      | Reached XP level 3. HP: 36/36 MP: 2/2
  1045 | D:2      | Reached XP level 4. HP: 42/42 MP: 3/3
  1045 | D:2      | Reached XP level 5. HP: 48/48 MP: 4/4
  1499 | D:2      | Reached skill level 6 in Axes
  1781 | D:3      | Noticed Naow's ghost (amateur MiBe)
  1782 | D:3      | Reached ** piety under Trog
  1803 | D:3      | Killed Naow's ghost
  1803 | D:3      | Reached skill level 7 in Axes
  1803 | D:3      | Reached XP level 6. HP: 46/56 MP: 5/5
  2485 | D:4      | Reached skill level 8 in Axes
  2487 | D:4      | Reached XP level 7. HP: 52/61 MP: 6/6
  2677 | D:4      | Found a stormy altar of Qazlal.
  2697 | D:4      | Found Syubloutt's Assorted Antiques.
  2762 | D:4      | Found Zin's Purification Station.
  2763 | D:4      | Found a glowing silver altar of Zin.
  2980 | D:4      | Found a snail-covered altar of Cheibriados.
  3023 | D:5      | Entered Level 5 of the Dungeon
  3088 | D:5      | Reached skill level 9 in Axes
  3098 | D:5      | Found an ancient bone altar of Kikubaaqudgha.
  3138 | D:5      | Reached *** piety under Trog
  3339 | D:5      | Found a staircase to the Ecumenical Temple.
  3403 | D:5      | Reached skill level 10 in Axes
  3469 | D:5      | Found a stormy altar of Qazlal.
  3475 | D:5      | Found a sacrificial altar of Ru.
  3600 | D:5      | Found a bloodstained altar of Trog.
  3616 | D:5      | Reached XP level 8. HP: 66/68 MP: 1/7
  3695 | D:5      | Reached skill level 11 in Axes
  4076 | D:6      | Got an opalescent robe
  4087 | D:6      | Identified the +1 robe of the Solstice {rPois rF+ rC+ Stlth-} (You found it on level 6 of the Dungeon)
  4121 | D:6      | Reached skill level 12 in Axes
  4553 | D:6      | Reached skill level 13 in Axes
  4671 | D:6      | Reached **** piety under Trog
  4832 | D:7      | Reached XP level 9. HP: 74/74 MP: 8/8
  5639 | D:8      | Reached skill level 14 in Axes
  6193 | D:8      | Reached skill level 15 in Axes
  6296 | D:8      | Noticed Psyche
  6311 | D:8      | Killed Psyche
  6399 | D:8      | Noticed Gastronok
  6410 | D:8      | HP: 4/111 [Gastronok/the air (36)]
  6415 | D:8      | Mangled by Gastronok

Vault maps used:
D:1:      dpeg_arrival_chambers_temple_mockup
D:2:      patterned_corridor, uniq_sigmund
D:3:      corexii_item_surrounded_by_moat
D:4:      zin_purify, cheibriados_altar_wand_db, serial_shops, shop,
          grunt_qazlal_sundering
D:5:      gammafunk_temple_overflow_forgotten, trog_eyes_of_draining,
          first_bread, kennysheep_generic_room_12
D:8:      st_stairs_13, uniq_psyche, uniq_gastronok

Skill      XL: |  1  2  3  4  5  6  7  8  9 |
---------------+----------------------------+-----
Fighting       | 4 5 |  5.0
Axes           | 5 7 8 10 13 15 | 15.6
Armour         | 3 |  3.2
Dodging        | 3 |  3.1
Stealth        | |  0.1

Action                   |  1- 3 |  4- 6 |  7- 9 || total
-------------------------+-------+-------+-------++-------
Melee: Hand axe          |    27 |   105 |   437 ||   569
       Headbutt          |     1 |    21 |    96 ||   118
Invok: Berserk           |     2 |     4 |     5 ||    11
       Trog's Hand       |       |     1 |     2 ||     3
 Stab: Sleeping          |       |       |     1 ||     1
  Eat: Chunk             |     1 |    10 |    18 ||    29
Armor: Animal skin       |     4 |    20 |     6 ||    30
       Plate armour      |       |       |   131 ||   131
Dodge: Dodged            |    17 |    69 |   160 ||   246
